 Dungeon Crawl Stone Soup version 0.25-a0-79-g1d1f32e (webtiles) character file.

Game seed: 14009462411775441116, levelgen mode: deterministic

4369 Spazmo the Thaumaturge (level 10, -7/50 HPs)
             Began as a Deep Elf Fire Elementalist on Nov 6, 2019.
             Was a Believer of Vehumet.
             Mangled by a yak (11 damage)
             ... on level 10 of the Dungeon.
             The game lasted 00:18:34 (5404 turns).

Spazmo the Thaumaturge (Deep Elf Fire Elementalist) Turns: 5404, Time: 00:18:34

Health: -7/50      AC:  4    Str:  5    XL:     10   Next: 13%
Magic:  23/27      EV: 13    Int: 24    God:    Vehumet [**....]
Gold:   285        SH:  5    Dex: 15    Spells: 16/31 levels left

rFire    + + .     SeeInvis .   d - +1 dagger (venom)
rCold    + . .     Gourm    .   D - +0 buckler
rNeg     . . .     Faith    .   a - +0 robe
rPois    .         Spirit   .   (no helmet)
rElec    .         Reflect  .   y - scarf {rC+ rF+}
rCorr    .         Harm     .   (no gloves)
MR       +....                  t - +1 pair of boots
Stlth    +++.......             h - amulet of magic regeneration
HPRegen  0.16/turn              A - ring of stealth
MPRegen  0.45/turn              p - ring of protection from fire

@: hasted, very quick
A: no striking features
a: Renounce Religion


You were on level 10 of the Dungeon.
You worshipped Vehumet.
Vehumet was pleased with you.
You were not hungry.

You visited 2 branches of the dungeon, and saw 12 of its levels.

You collected 285 gold pieces.

Inventory:

Hand Weapons
 d - a +1 dagger of venom (weapon)
Missiles
 e - 218 stones (quivered)
Armour
 a - a +0 robe (worn)
 t - a +1 pair of boots (worn)
 y - a scarf of resistance (worn)
 D - a +0 buckler (worn)
 H - a +2 cloak of invisibility
Magical Staves
 i - an uncursed staff of air
Jewellery
 h - an amulet of magic regeneration (around neck)
 j - an uncursed ring of protection from magic
 p - a ring of protection from fire (right hand)
 A - a ring of stealth (left hand)
Wands
 s - a wand of iceblast (2)
 w - a wand of enslavement (10)
 E - a wand of digging (3)
Scrolls
 b - 5 scrolls of remove curse
 f - a scroll of magic mapping
 n - 6 scrolls of identify
 q - 3 scrolls of amnesia
 r - 2 scrolls of fog
 u - a scroll of enchant armour
 B - 2 scrolls of teleportation {unknown}
 G - a scroll of noise {unknown}
Potions
 g - a potion of invisibility
 k - 2 potions of curing
 l - a potion of flight {unknown}
 o - a potion of agility {unknown}
 v - a potion of heal wounds {unknown}
 x - a potion of brilliance {unknown}
 z - a potion of might {unknown}
 F - a potion of magic {unknown}
Comestibles
 c - 12 rations
 C - 9 chunks of flesh


   Skills:
 - Level 2.4 Dodging
 - Level 2.4 Stealth
 + Level 3.0 Shields
 + Level 11.0 Spellcasting
 + Level 9.1 Conjurations
 + Level 9.6 Fire Magic


You had 16 spell levels left.
You knew the following spells:

 Your Spells              Type           Power        Failure   Level  Hunger
a - Flame Tongue          Conj/Fire      #####        1%          1    None
b - Throw Flame           Conj/Fire      ######       1%          2    None
c - Conjure Flame         Conj/Fire      ######..     1%          3    None
d - Sticky Flame          Conj/Fire      ######..     1%          4    None
e - Fireball              Conj/Fire      ######....   3%          5    ####...

Your spell library contained the following spells:

 Spells                   Type           Power        Failure   Level  Hunger
 Freeze                   Ice            ##..         5%          1    None
 Inner Flame              Hex/Fire       #####...     2%          3    None


Dungeon Overview and Level Annotations

Branches:
Dungeon (11/15)            Temple (1/1) D:6
   Lair: D:8-11         Orc: D:9-12

Altars:
Ashenzari
Dithmenos
Elyvilon
Gozag
Hepliaklqana
Makhleb
Okawaru
Trog
Uskayaw
Vehumet
Wu Jian
Xom
Yredelemnul
Zin
The Shining One

Annotations:
D:6 3 runed translucent doors, 2tousent's ghost, novice DrTm
D:8 2 transporters, crawlisdead's ghost, novice NaVM


Message History

The yak gores you.
Casting: Flame Tongue (safe; 1% risk of failure)
Confirm with . or Enter, or press ? or * to list all spells.
Aiming: Sticky Flame (safe; 1% risk of failure)
Press: ? - help, Shift-Dir - straight line, f/p - yak
Aim: a yak (moderately wounded)
The sticky flame hits the yak.
The yak is heavily wounded.
The yak is covered in liquid flames!
The centaur shouts!
You hear a bellow!
The yak burns!
A hound zombie comes into view.
The centaur wields a +0 shortbow.
The centaur shoots an arrow.
The arrow hits you! The yak gores you!
* * * LOW HITPOINT WARNING * * *
You feel yourself speed up.
The yak burns!
The bullfrog hits you.
* * * LOW HITPOINT WARNING * * *
A yak comes into view.
The yak gores you!
You die...

.........^........
..........#######...
..........#.....+ ..
..........#.....# .
..........#.....#
................#
#.............#
#........._...#
+....@........#
#...FYl.......#
#.......#.....#
#.......#######
#........
...Y.......
.Yc.Y........
..Y....?..####
.........#


You could see 5 yaks, a wyvern, a bullfrog and a centaur.

Vanquished Creatures
  Pikel (D:7)
  A hornet (D:11)
  A hippogriff (D:7)
  7 yaks
  2 water moccasins (D:7)
  A black bear (D:6)
  2 slaves (D:7)
  3 ogres
  5 centaurs
  3 bullfrogs
  A water moccasin zombie (D:7)
  6 scorpions
  An electric eel (D:7)
  2 bullfrog zombies
  2 crimson imps
  A quasit (D:8)
  2 centaur zombies
  2 hounds (D:8)
  2 jellies
  A gnoll shaman (D:7)
  3 orc priests
  2 bullfrog skeletons
  2 orc wizards (D:8)
  2 iguanas (D:8)
  3 worker ants
  A hound skeleton (D:5)
  A worker ant zombie (D:4)
  7 gnolls
  16 adders
  2 shadow imps
  2 oozes (D:1)
  An adder skeleton (D:8)
  2 adder zombies
  A dart slug (D:1)
  2 worms
  7 leopard geckos
  10 orcs
  A ball python (D:2)
  13 bats
  4 giant cockroaches
  8 goblins
  5 hobgoblins
  15 jackals
  4 quokkas
  7 frilled lizards
  4 kobolds
  3 leopard gecko skeletons
  A leopard gecko zombie (D:5)
  A quokka zombie (D:4)
  9 rats
185 creatures vanquished.

Vanquished Creatures (others)
  2 slaves (D:7)
2 creatures vanquished.

Grand Total: 187 creatures vanquished

Notes
Turn   | Place    | Note
-------+----------+-------------------------------------------
     0 | D:1      | Spazmo the Deep Elf Fire Elementalist began the quest for
                  | the Orb.
     0 | D:1      | Reached XP level 1. HP: 10/10 MP: 6/6
   151 | D:1      | Reached XP level 2. HP: 9/15 MP: 6/8
   157 | D:1      | Learned a level 2 spell: Throw Flame
   402 | D:1      | Reached XP level 3. HP: 19/19 MP: 8/10
   407 | D:1      | Learned a level 3 spell: Conjure Flame
   652 | D:2      | Reached skill level 4 in Spellcasting
   845 | D:2      | Reached XP level 4. HP: 24/24 MP: 2/12
   851 | D:2      | Learned a level 4 spell: Sticky Flame
  1220 | D:3      | You fall into a shaft and drop 1 floor!
  1377 | D:3      | Found a glowing golden altar of the Shining One.
  1445 | D:3      | Reached XP level 5. HP: 19/28 MP: 4/14
  1558 | D:3      | You fall into a shaft and drop 1 floor!
  1608 | D:4      | Reached skill level 5 in Spellcasting
  1935 | D:4      | Reached skill level 5 in Fire Magic
  2305 | D:4      | Reached XP level 6. HP: 26/32 MP: 9/16
  2318 | D:4      | Learned a level 5 spell: Fireball
  2604 | D:5      | Entered Level 5 of the Dungeon
  2663 | D:5      | Reached skill level 6 in Spellcasting
  3052 | D:6      | Reached XP level 7. HP: 23/36 MP: 11/18
  3055 | D:6      | Reached skill level 5 in Conjurations
  3180 | D:6      | Found a runed translucent gate.
  3180 | D:6      | Found a runed translucent gate.
  3180 | D:6      | Noticed 2tousent's ghost (novice DrTm)
  3181 | D:6      | Found a runed translucent gate.
  3222 | D:6      | Found a staircase to the Ecumenical Temple.
  3231 | Temple   | Entered the Ecumenical Temple
  3255 | Temple   | Became a worshipper of Vehumet
  3287 | D:6      | Reached skill level 7 in Spellcasting
  3535 | D:7      | Noticed a yak
  3535 | D:7      | Noticed a yak
  3535 | D:7      | Noticed a yak
  3535 | D:7      | Noticed a yak
  3547 | D:6      | Killed a yak
  3547 | D:6      | Reached XP level 8. HP: 17/41 MP: 12/21
  3835 | D:7      | Reached skill level 8 in Spellcasting
  3857 | D:7      | Reached skill level 9 in Spellcasting
  4112 | D:7      | Noticed Pikel
  4121 | D:7      | Killed Pikel
  4121 | D:7      | Reached XP level 9. HP: 35/45 MP: 14/24
  4305 | D:7      | Reached skill level 10 in Spellcasting
  4500 | D:7      | Reached skill level 1 in Shields
  4556 | D:7      | Reached * piety under Vehumet
  4556 | D:7      | Offered knowledge of Magic Dart by Vehumet.
  4781 | D:8      | Noticed crawlisdead's ghost (novice NaVM)
  4794 | D:8      | Found a transporter.
  5007 | D:8      | Found a transporter.
  5181 | D:9      | Noticed a two-headed ogre
  5265 | D:9      | You fall into a shaft and drop 2 floors!
  5294 | D:10     | Entered Level 10 of the Dungeon
  5316 | D:10     | Reached XP level 10. HP: 31/50 MP: 23/26
  5350 | D:10     | Reached ** piety under Vehumet
  5350 | D:10     | Offered knowledge of Freeze by Vehumet.
  5357 | D:10     | Reached skill level 11 in Spellcasting
  5393 | D:10     | Found a basalt altar of Yredelemnul.
  5404 | D:10     | Mangled by a yak

Levels and vault maps discovered:
D:1:      lightli_arrival_statuegarden, layout_rooms,
          chequers_serial_rivers_small_b
D:2:      layout_loops_ring, first_ration, serial_bayou_ford_a
D:3:      layout_loops_ring, tso_oasis_becter
D:4:      layout_cave_pools, serial_undead, serial_undead_f, serial_undead_f,
          serial_undead_e, serial_undead_e, wad_floor_pattern_2
D:5:      layout_cave_pools
D:6:      layout_rooms, minmay_temple_entry_waves, ebering_ghost_rock_garden,
          chequers_serial_rivers_micro_b, serial_bayou_pond_d, grunt_decor_cap
D:7:      layout_basic, minivault_4, uniq_pikel
D:8:      layout_cave_pools, gammafunk_ghost_stat_death
D:9:      layout_cave_pods, lair_entry_dummy, serial_shops, shop,
          nicolae_shop_waterfront, shop, shop
D:10:     lemuel_castle_with_subvaults [lemuel_castle_interior_carwin_1],
          layout_irregular_city, enter_bailey_2, basic_altar,
          hangedman_abyss_or_decor_stagger, grunt_tengu_nest, okawaru_trees_1
D:11:     layout_rooms, david_orc_3, serial_shops, shop_statue, shop_statue,
          shop, uniq_erica, uniq_grum
Temple:   nicolae_temple_the_god_donut

Skill      XL: |  1  2  3  4  5  6  7  8  9 10 |
---------------+-------------------------------+-----
Conjurations   | 2 3 4 6 7 8 9 |  9.1
Spellcasting   | 4 5 6 7 9 10 11 | 11.0
Fire Magic     | 4 5 6 8 9 |  9.6
Shields        | 2 3 |  3.0
Dodging        | |  2.4
Stealth        | |  2.4

Action                   |  1- 3 |  4- 6 |  7- 9 | 10-12 || total
-------------------------+-------+-------+-------+-------++-------
Melee: Dagger            |       |       |     1 |       ||     1
 Cast: Flame Tongue      |    62 |   129 |   120 |     5 ||   316
       Throw Flame       |     4 |    17 |    29 |       ||    50
       Sticky Flame      |       |     6 |    22 |     3 ||    31
       Fireball          |       |       |    11 |     1 ||    12
       Conjure Flame     |       |       |     1 |       ||     1
Evoke: Wand              |       |     2 |       |       ||     2
  Use: Scroll            |     3 |    10 |       |       ||    13
       Potion            |       |     2 |       |     1 ||     3
  Eat: Chunk             |       |     7 |     9 |     1 ||    17
Armor: Robe              |     2 |     3 |     8 |       ||    13
Dodge: Dodged            |    14 |    32 |    30 |       ||    76
Block: Buckler           |       |       |     1 |     1 ||     2

Table legend:
 A = Non-vault XP
 B = Vault XP
 C = Vault XP percentage of total XP
 D = Non-vault monster count
 E = Vault monster count
 F = Vault count percentage of total count
                 A         B        C        D         E       F
            +---------+---------+-------+---------+---------+-------
      Total |    5515 |     727 |  11.6 |     176 |       7 |   3.8
            +---------+---------+-------+---------+---------+-------
        D:1 |      50 |       0 |   0.0 |      23 |       0 |   0.0
        D:2 |      67 |       0 |   0.0 |      18 |       0 |   0.0
        D:3 |      68 |       0 |   0.0 |      24 |       0 |   0.0
        D:4 |     121 |     110 |  47.6 |      12 |       6 |  33.3
        D:5 |     255 |       0 |   0.0 |      21 |       0 |   0.0
        D:6 |     743 |       0 |   0.0 |      12 |       0 |   0.0
        D:7 |    2102 |     617 |  22.7 |      33 |       1 |   2.9
        D:8 |     930 |       0 |   0.0 |      26 |       0 |   0.0
       D:10 |     831 |       0 |   0.0 |       5 |       0 |   0.0
       D:11 |     348 |       0 |   0.0 |       2 |       0 |   0.0
            +---------+---------+-------+---------+---------+-------
